 Dungeon Crawl Stone Soup version 0.28.0-53-g5a82cb258f (webtiles) character file.

Game seed: 10709056990553864262

3035 Ashen the Ogre Mage (level 9, -4/91 (92) HPs)
             Began as an Ogre Air Elementalist on June 17, 2022.
             Was a Believer of Vehumet.
             Slain by a wyvern (11 damage)
             ... on level 7 of the Dungeon.
             The game lasted 00:18:53 (8756 turns).

Ashen the Ogre Mage (Ogre Air Elementalist)         Turns: 8756, Time: 00:18:56

HP:   -4/91 (92)    AC:  9    Str: 14    XL:     9   Next: 86%
MP:   30/30         EV: 10    Int: 20    God:    Vehumet [**....]
Gold: 14            SH:  0    Dex:  7    Spells: 0/25 levels left

rFire   . . .      SeeInvis .   q - +0 giant spiked club
rCold   . . .      Faith    .   (shield currently unavailable)
rNeg    . . .      Spirit   .   o - +0 troll leather armour
rPois   .          Reflect  .   (helmet restricted)
rElec   .          Harm     .   (no cloak)
rCorr   +          Rampage  .   (gloves unavailable)
Will    +++..                   (boots unavailable)
Stlth   +++.......              C - amulet of magic regeneration
HPRegen 1.05/turn               k - +4 ring of protection
MPRegen 0.62/turn               u - ring "Uzedoczy" {Will+++ rCorr MP+9 Dex-2 Stlth+}

@: lightly drained
A: large, unfitting armour, tough skin 1
a: Renounce Religion


You were on level 7 of the Dungeon.
You worshipped Vehumet.
Vehumet was pleased with you.
You visited 2 branches of the dungeon, and saw 8 of its levels.

You collected 380 gold pieces.
You spent 366 gold pieces at shops.

Inventory:

Hand Weapons
 g - a +2 short sword of venom
 p - a +0 whip of flaming
 q - a +0 giant spiked club (weapon)
 D - a +0 dagger of electrocution
Armour
 o - a +0 troll leather armour (worn)
 B - a +0 cloak
 E - a scarf of repulsion
Jewellery
 k - a +4 ring of protection (left hand)
 u - the ring "Uzedoczy" (right hand) {Will+++ rCorr MP+9 Dex-2 Stlth+}
   (You found it on level 5 of the Dungeon)

   [ring of magical power]

   Dex:       It affects your dexterity (-2).
   MP:        It affects your magic capacity (+9).
   rCorr:     It protects you from acid and corrosion.
   Will:      It greatly increases your willpower.
   Stlth:     It makes you more stealthy.
 C - an amulet of magic regeneration (around neck)
Wands
 v - a wand of mindburst (27)
Scrolls
 b - a scroll of fog
 e - 2 scrolls of enchant armour
 h - a scroll of blinking
 r - 3 scrolls of identify
 x - 2 scrolls of magic mapping {unknown}
 y - 2 scrolls of vulnerability
 z - a scroll of enchant weapon {unknown}
 A - 2 scrolls of teleportation
Potions
 a - a potion of berserk rage {unknown}
 c - 4 potions of curing
 d - 2 potions of mutation {unknown}
 f - 5 potions of attraction {unknown}
 i - 2 potions of degeneration {unknown}
 j - a potion of cancellation {unknown}
 l - a potion of heal wounds {unknown}
 m - a potion of brilliance {unknown}
 n - 3 potions of haste {unknown}
 s - a potion of magic {unknown}
 t - a potion of flight {unknown}
 w - a potion of resistance {unknown}


   Skills:
 + Level 6.7 Fighting
 + Level 5.0 Dodging
 - Level 3.0 Stealth
 * Level 8.7 Spellcasting
 + Level 4.6 Conjurations
 + Level 5.6 Air Magic


You couldn't memorise any spells.
You knew the following spells:

 Your Spells              Type           Power      Damage    Failure   Level
a - Shock                 Conj/Air       100%       1d9       1%          1
b - Static Discharge      Conj/Air       29%        N/A       1%          2
c - Swiftness             Air            31%        N/A       3%          3
d - Dazzling Flash        Conj/Hex       36%        N/A       12%         3
e - Freeze                Ice            32%        1d5       10%         1
f - Airstrike             Air            15%        N/A       10%         4
g - Conjure Ball Lightni  Conj/Air       14%        3x3d6     88%         6
h - Summon Mana Viper     Hex/Summ       8%         N/A       95%         5

Your spell library contained the following spells:

 Spells                   Type           Power      Damage    Failure   Level
 Beastly Appendage        Tmut           16%        N/A       10%         1
 Ensorcelled Hibernation  Hex/Ice        16%        N/A       16%         2
 Wereblood                Tmut           8%         N/A       16%         2
 Spider Form              Tmut/Pois      8%         N/A       30%         3
 Iskenderun's Mystic Bla  Conj/Tloc      18%        2d6       36%         4
 Anguish                  Hex/Necr       4%         N/A       69%         4
 Starburst                Conj/Fire      9%         6d5       99%         6


Dungeon Overview and Level Annotations

Branches:
Dungeon (7/15)             Temple (1/1) D:4

Altars:
Ashenzari
Cheibriados
Dithmenos
Elyvilon
Fedhas
Gozag
Hepliaklqana
Kikubaaqudgha
Makhleb
Nemelex Xobeh
Okawaru
Qazlal
Ru
Sif Muna
Trog
Uskayaw
Vehumet
Wu Jian
Xom
Yredelemnul
Zin
The Shining One

Shops:
D:2 *   D:5 =

Annotations:
D:4 3 runed translucent doors, beenburned's ghost, amateur DrDe; diceflayer's ghost, novice MiFi; zielscheibe's ghost, amateur DgIE


Innate Abilities, Weirdness & Mutations

You are too large for most types of armour.
You have tough skin. (AC +1)


Message History

The wyvern completely misses you.
You completely miss the wyvern.
The wyvern is moderately wounded.
The wyvern barely misses you. x3
You puncture the wyvern!
The wyvern is heavily wounded.
The wyvern bites you but does no damage.
The wyvern bites you!
You closely miss the wyvern.
The wyvern is heavily wounded.
The wyvern bites you! The wyvern barely misses you. x2
You hit the wyvern but do no damage.
The wyvern is heavily wounded.
The wyvern bites you. The wyvern barely misses you. The wyvern bites you!
You barely miss the wyvern.
The wyvern is heavily wounded.
The wyvern bites you! x2
* * * LOW HITPOINT WARNING * * *
Casting: Shock (safe; 1% risk of failure)
Confirm with . or Enter, or press ? or * to list all spells.
Casting: Dazzling Flash (dangerous; 12% risk of failure)
Press: ? - help, Dir - look around, f - activate The wyvern is dazzled.
The wyvern barely misses you. The wyvern bites you!
* * * LOW HITPOINT WARNING * * *
You closely miss the wyvern.
The wyvern is heavily wounded.
The wyvern barely misses you. The wyvern closely misses you.
The wyvern barely misses you.
You closely miss the wyvern.
The wyvern is heavily wounded.
The wyvern closely misses you.
The wyvern bites you but does no damage.
You barely miss the wyvern.
The wyvern is heavily wounded.
The wyvern is no longer blind.
The wyvern bites you.
* * * LOW HITPOINT WARNING * * *
The wyvern bites you!
* * * LOW HITPOINT WARNING * * *
The wyvern bites you!
You die...

########## #
####........############
#
......[.................
#
.............####..(....
# ...........[.#
#..).... #
.............## #.......
.
..........#...###.......
.
......l@..##....##....##
.########.##............
#.#######...###.
#..........#....
#.####..####.###
#.####.......###
#...............
#######.########
♣♣.♣♣#.#


You could see a wyvern.

Vanquished Creatures
  Pikel (D:3)
  3 water moccasins
  An ice beast (D:7)
  A sky beast (D:7)
  An orc warrior (D:7)
  3 black bears
  A centaur (D:7)
  2 necrophages
  2 ogres
  3 kobold brigands (D:6)
  A bullfrog (D:7)
  A scorpion (D:4)
  A wyvern skeleton (D:6)
  A water moccasin skeleton (D:5)
  3 wights
  A howler monkey (D:7)
  6 hounds
  A bullfrog zombie (D:6)
  A jelly (D:7)
  2 gnoll shamans (D:7)
  2 iguanas
  3 orc wizards
  10 gnolls
  7 adders
  2 ufetubi
  An adder skeleton (D:4)
  4 dart slugs
  9 orcs
  8 ball pythons
  7 bats
  5 endoplasms
  4 giant cockroaches
  11 hobgoblins
  23 kobolds
  7 quokkas
  3 frilled lizards
  6 goblins
  3 rats
151 creatures vanquished.

Vanquished Creatures (others)
  An orc (D:4)
  A plant (D:1)
  4 withered plants (D:4)
6 creatures vanquished.

Grand Total: 157 creatures vanquished

Notes
Turn   | Place    | Note
-------+----------+-------------------------------------------
     0 | D:1      | Ashen the Ogre Air Elementalist began the quest for the
                  | Orb.
     0 | D:1      | Reached XP level 1. HP: 16/16 MP: 3/3
   100 | D:1      | Reached skill level 1 in Conjurations
   148 | D:1      | Reached XP level 2. HP: 20/26 MP: 3/5
   460 | D:1      | Found a faded altar of an unknown god.
   750 | D:1      | Reached skill level 3 in Spellcasting
   863 | D:1      | Reached XP level 3. HP: 32/32 MP: 7/7
  1006 | D:1      | Reached skill level 1 in Fighting
  1689 | D:2      | Found Gunin's Assorted Antiques.
  1692 | D:2      | Bought a cyan potion for 18 gold pieces
  1692 | D:2      | Bought a murky sapphire potion for 18 gold pieces
  2374 | D:3      | Reached XP level 4. HP: 41/41 MP: 9/9
  2985 | D:3      | Reached XP level 5. HP: 49/49 MP: 3/10
  3608 | D:4      | Reached skill level 4 in Spellcasting
  4059 | D:4      | Found a staircase to the Ecumenical Temple.
  4078 | Temple   | Entered the Ecumenical Temple
  4182 | Temple   | Became a worshipper of Vehumet
  4349 | D:4      | Noticed a lemure
  4350 | D:4      | Noticed Pikel
  4350 | D:4      | Noticed a lemure
  4350 | D:4      | Noticed a lemure
  4431 | D:3      | Learned a level 2 spell: Static Discharge
  4435 | D:3      | Learned a level 3 spell: Swiftness
  4439 | D:3      | Learned a level 3 spell: Dazzling Flash
  4447 | D:3      | Reached XP level 6. HP: 45/59 MP: 10/12
  4536 | D:3      | Killed Pikel
  4537 | D:3      | Reached skill level 5 in Spellcasting
  4537 | D:3      | Reached XP level 7. HP: 62/68 MP: 12/15
  4943 | D:4      | Found a runed translucent gate.
  4944 | D:4      | Found a runed translucent gate.
  4944 | D:4      | Found a runed translucent gate.
  4945 | D:4      | Noticed beenburned's ghost (amateur DrDe)
  4946 | D:4      | Noticed zielscheibe's ghost (amateur DgIE)
  4946 | D:4      | Noticed diceflayer's ghost (novice MiFi)
  5239 | D:4      | Reached XP level 8. HP: 78/78 MP: 16/16
  5578 | D:5      | Entered Level 5 of the Dungeon
  5597 | D:5      | Found Becziti's Jewellery Boutique.
  5629 | D:5      | Got the Tome of Lightness and Bewitchment
  5670 | D:5      | Identified the ring "Uzedoczy" {Will+++ rCorr MP+9 Dex-2
                  | Stlth+}
  5819 | D:5      | Reached skill level 6 in Spellcasting
  6641 | D:6      | Found a broken altar of Ashenzari.
  6750 | D:6      | Reached * piety under Vehumet
  6750 | D:6      | Offered knowledge of Sandblast by Vehumet.
  6767 | D:6      | Found a white marble altar of Elyvilon.
  6810 | D:6      | Reached skill level 5 in Fighting
  6938 | D:6      | Reached skill level 7 in Spellcasting
  7019 | D:6      | Reached XP level 9. HP: 75/80 MP: 19/19
  7112 | D:6      | Reached skill level 5 in Air Magic
  7591 | D:6      | Found a shimmering blue altar of Sif Muna.
  7908 | D:7      | Reached ** piety under Vehumet
  7909 | D:7      | Reached skill level 8 in Spellcasting
  7955 | D:7      | Offered knowledge of Freeze by Vehumet.
  7989 | D:7      | Learned a level 1 spell: Freeze
  7994 | D:7      | Learned a level 4 spell: Airstrike
  8001 | D:7      | Learned a level 6 spell: Conjure Ball Lightning
  8392 | D:7      | Reached skill level 5 in Dodging
  8487 | D:5      | Bought an amulet of magic regeneration for 330 gold pieces
  8691 | D:7      | Noticed a manticore
  8718 | D:7      | Learned a level 5 spell: Summon Mana Viper
  8756 | D:7      | Slain by a wyvern

Illustrated notes

Levels and vault maps discovered:
D:1:      lemuel_arrival_muddy, layout_loops_cross,
          hellmonk_ecumenical_altar_lost_god
D:2:      layout_loops_corners, serial_shops, shop,
          nicolae_concentric_dashed_squares_mild, kennysheep_crisscross
D:3:      layout_basic
D:4:      layout_basic, minmay_temple_entry_statues_fountains,
          gammafunk_ghost_cemetery, chequers_serial_rivers_large_a,
          kennysheep_generic_room_5, uniq_pikel
D:5:      layout_basic, serial_shops, kennysheep_mini,
          chequers_serial_rivers_micro_d, dk_noncrumbling_3, serial_park_tiny_2,
          eino_tiny_chamber
D:6:      layout_loops_ring, mainiacjoe_overflow_tiny_flanked,
          mainiacjoe_overflow_big_doors
D:7:      nzn_winding_woodlands_cross [nzn_winding_woodlands_5x15_eye,
          nzn_winding_woodlands_5x15_pockets,
          nzn_winding_woodlands_5x15_river_crossing,
          nzn_winding_woodlands_5x15_twine,
          nzn_winding_woodlands_15x15_boxy_spiral], layout_basic, serial_curves,
          eino_curves_02, eino_curves_04
Temple:   mainiacjoe_temple_bowtie_tessellation

Skill      XL: |  1  2  3  4  5  6  7  8  9 |
---------------+----------------------------+-----
Conjurations   | 1 2 3 4 |  4.6
Spellcasting   | 3 4 5 7 8 |  8.7
Dodging        | 2 3 4 5 |  5.0
Fighting       | 1 2 3 5 6 |  6.7
Air Magic      | 3 4 5 |  5.6
Stealth        | 2 3 |  3.0

Action                   |  1- 3 |  4- 6 |  7- 9 || total
-------------------------+-------+-------+-------++-------
Melee: Unarmed           |    17 |       |       ||    17
       Short sword       |    62 |    90 |   120 ||   272
       Punch             |     1 |       |     2 ||     3
       Giant spiked club |       |       |   225 ||   225
 Cast: Shock             |    27 |    32 |    78 ||   137
       Dazzling Flash    |       |       |     8 ||     8
  Use: Scroll            |     5 |     2 |     2 ||     9
 Stab: Sleeping          |     2 |     1 |     1 ||     4
       Invisible         |       |       |     3 ||     3
Armor: Robe              |    18 |    23 |       ||    41
       Troll leather arm |       |    15 |   274 ||   289
Dodge: Dodged            |    47 |    60 |   260 ||   367
